Map: Jardín de sombras

Players

MrFercho - Winner!

  • Race: Zerg Zerg
  • League: Gold
  • Spawn Location: 1:00

tigro - Winner!

  • Race: Terran Terran
  • League: Bronze
  • Spawn Location: 7:00

TATORREA - Winner!

  • Race: Protoss Protoss
  • League: Gold
  • Spawn Location: 7:00

IA (Élite)

  • Race: Protoss Protoss
  • Spawn Location: 1:00

IA (Élite)

  • Race: Protoss Protoss
  • Spawn Location: 5:00

IA (Élite)

  • Race: Protoss Protoss
  • Spawn Location: 11:00

IA (Élite)

  • Race: Protoss Protoss
  • Spawn Location: 11:00

IA (Élite)

  • Race: Zerg Zerg
  • Spawn Location: 5:00

VOD

Have the link to the VOD?

Description

Time

  • Played on: Aug. 7, 2020, 10:30 p.m.
  • Length: 20:33
Show
View Real Time Build Order
Export as new Build Order

MrFercho Zerg - Winner!

Build Orders: Pool First 

Get SALT Encoding   

  12  0:19  Spawning Pool  
  11  0:29  Drone  
  11  0:31  Drone  
  13  0:36  Overlord  
  13  0:41  Drone  
  14  0:55  Drone  
  15  1:04  Overlord  
  15  1:14  Zergling x2  
  15  1:15  Queen  
  18  1:28  Zergling x2  
  19  1:35  Zergling x2  
  20  1:46  Zergling x2  
  21  1:59  Zergling x2  
  20  2:15  Zergling x2  
  20  2:19  Drone  
  20  2:30  Zergling x2  
  20  2:39  Zergling x2  
  21  2:46  Queen  
  23  2:53  Zergling x6  
  25  3:07  Zergling x2  
  23  3:21  Zergling x4  
  23  3:22  Queen  
  25  3:34  Zergling x2  
  25  3:35  Zergling x6  
  29  3:53  Zergling x2  
  30  4:28  Overlord  
  30  4:29  Overlord x3  
  30  4:38  Drone  
  30  4:46  Queen  
  32  4:57  Overlord  
  32  4:58  Drone x4  
  36  5:01  Extractor  
  36  5:02  Extractor  
  34  5:14  Hatchery  
  34  5:20  Drone x2  
  34  5:21  Drone  
  36  5:22  Queen  
  31  5:35  Zergling x6  
  34  5:58  Queen  
  36  6:08  Drone  
  37  6:12  Drone x4  
  41  6:31  Drone x5  
  48  6:44  Metabolic Boost  
  48  6:50  Lair  
  48  6:53  Queen  
  48  6:57  Zergling x6  
  48  6:58  Drone x3  
  54  7:19  Drone x4  
  58  7:29  Queen  
  60  7:35  Evolution Chamber  
  59  7:38  Roach Warren  
  59  7:40  Drone x5  
  63  7:45  Extractor  
  63  7:47  Extractor  
  61  8:08  Drone x2  
  61  8:09  Drone  
  61  8:12  Overlord x2  
  64  8:13  Overlord  
  64  8:17  Drone x2  
  66  9:01  Glial Reconstitution  
  66  9:02  Infestation Pit  
  65  9:03  Zerg Missile Weapons Level 1  
  65  9:08  Evolution Chamber  
  65  9:09  Hatchery, Evolution Chamber  
  62  9:11  Hatchery  
  62  9:14  Hydralisk Den  
  60  9:20  Hatchery  
  60  9:24  Hatchery  
  58  9:28  Baneling Nest, Drone  
  58  9:58  Zerg Melee Weapons Level 1, Zerg Ground Armor Level 1  
  58  10:04  Drone x4  
  58  10:05  Drone x19  
  81  10:11  Muscular Augments  
  77  10:35  Roach  
  77  10:36  Roach x8  
  77  10:59  Roach x4  
  77  11:00  Roach x12  
  103  11:08  Spine Crawler  
  103  11:10  Spine Crawler  
  101  11:12  Spine Crawler x2  
  91  11:18  Roach  
  91  11:19  Roach x4  
  91  11:23  Grooved Spines  
  95  11:31  Drone x3  
  95  11:32  Drone x5  
  99  11:36  Extractor  
  99  11:38  Queen  
  99  11:39  Extractor  
  99  12:12  Zerg Ground Armor Level 2, Zerg Melee Weapons Level 2  
  99  12:13  Zerg Missile Weapons Level 2  
  99  12:25  Drone x3  
  99  12:26  Drone  
  104  12:30  Drone x9  
  104  12:31  Drone x7  
  117  12:40  Hydralisk  
  117  12:41  Hydralisk x2  
  115  12:45  Overlord  
  115  13:35  Hydralisk x4  
  115  13:36  Hydralisk x4  
  115  13:38  Extractor  
  130  13:42  Extractor  
  129  13:51  Hatchery  
  124  14:13  Hydralisk x7  
  124  14:14  Hydralisk x8  
  116  14:36  Lurker Den  
  115  14:39  Spire  
  115  14:43  Centrifical Hooks  
  114  14:53  Hive  
  114  15:09  Lurker Den  
  113  15:29  Hydralisk x10  
  113  15:30  Hydralisk x2  
  113  15:32  Overlord x4  
  113  15:33  Overlord x3  
  137  15:40  Zergling x2  
  114  16:05  Hydralisk x9  
  114  16:06  Hydralisk x23  
  168  16:43  Greater Spire  
  168  16:44  Seismic Spines  
  168  16:50  Zerg Missile Weapons Level 3  
  168  16:51  Zerg Ground Armor Level 3  
  168  17:05  Lurker x2  
  168  17:06  Lurker  
  171  17:17  Zergling x34  
  171  17:18  Zergling x14, Extractor  
  171  17:20  Overlord x4  
  171  17:22  Extractor  
  184  17:41  Adaptive Talons  
  179  18:25  Corruptor x5  
  179  18:26  Corruptor x5  
  171  19:29  Zergling x30  
  171  19:30  Zergling x28  
Show
View Real Time Build Order
Export as new Build Order

tigro Terran - Winner!

Build Orders:  

Get SALT Encoding   

  13  0:14  SCV  
  13  0:16  Supply Depot  
  13  0:26  SCV  
  14  0:38  SCV  
  15  0:45  Barracks  
  15  0:50  SCV  
  15  0:52  Refinery  
  16  1:02  SCV  
  17  1:13  Supply Depot  
  17  1:14  SCV  
  18  1:28  Refinery  
  18  1:44  Marine  
  19  1:57  Engineering Bay  
  19  2:01  Marine  
  20  2:17  Factory  
  20  2:19  Marine  
  21  2:28  Barracks  
  21  2:37  Marine  
  22  2:52  Terran Infantry Weapons Level 1  
  22  2:55  Marine  
  23  3:13  Marine  
  24  3:31  Barracks Reactor  
  24  3:34  Barracks Tech Lab  
  22  4:41  Factory Tech Lab  
  22  4:46  Terran Infantry Armor Level 1  
  22  4:54  Starport  
  22  4:59  Armory  
  22  5:16  SCV  
  24  5:28  SCV  
  20  5:40  SCV  
  21  5:49  Siege Tank  
  24  5:52  SCV  
  25  6:02  Medivac  
  27  6:04  SCV  
  28  6:21  Siege Tank  
  31  6:37  Orbital Command  
  31  6:41  Command Center  
  31  6:45  Starport Tech Lab  
  31  6:47  Terran Infantry Weapons Level 2  
  31  6:49  Missile Turret  
  31  7:07  Siege Tank  
  34  7:10  Missile Turret  
  34  7:14  Combat Shield  
  34  7:31  Missile Turret  
  34  7:44  Marine x3  
  37  7:54  Missile Turret, Refinery  
  37  8:01  Marine  
  37  8:02  Marine x2  
  40  8:13  SCV  
  40  8:18  Missile Turret  
  40  8:19  Marine  
  41  8:20  Marine x2  
  45  8:31  Planetary Fortress  
  44  8:38  SCV  
  44  8:40  Missile Turret  
  45  8:50  SCV  
  45  8:52  Refinery  
  46  9:02  Missile Turret, SCV  
  47  9:03  Hi-Sec Auto Tracking  
  47  9:08  Terran Vehicle Weapons Level 1  
  47  9:14  SCV  
  47  9:15  SCV  
  49  9:26  SCV  
  49  9:27  SCV  
  51  9:39  SCV  
  52  9:51  SCV  
  53  9:53  Command Center  
  53  10:00  Neosteel Armor  
  53  10:03  SCV  
  54  10:14  Fusion Core  
  54  10:15  SCV  
  55  10:27  SCV  
  56  10:39  SCV  
  57  10:52  SCV  
  58  11:02  Terran Vehicle And Ship Armor Level 1  
  58  11:03  Marine x3  
  58  11:04  Supply Depot  
  61  11:07  Refinery  
  61  11:21  Marine x3  
  64  11:27  Supply Depot  
  64  11:39  Marine x3  
  67  11:50  Supply Depot  
  67  11:53  Planetary Fortress  
  67  11:56  Marine  
  67  11:57  Marine x2  
  76  12:01  Battlecruiser  
  70  12:14  Marine  
  70  12:15  Marine x2  
  73  12:21  Thor  
  75  12:32  Marine x3  
  74  12:50  Marine x3  
  77  12:56  Terran Ship Weapons Level 1  
  77  13:04  Thor  
  89  13:05  Battlecruiser  
  89  13:08  Marine x3  
  92  13:15  Supply Depot  
  92  13:24  SCV  
  92  13:26  Marine x3  
  96  13:36  SCV  
  96  13:39  Supply Depot  
  97  13:43  Marine  
  97  13:44  Marine x2  
  97  13:48  SCV, Terran Infantry Armor Level 2  
  101  14:02  Marine  
  102  14:04  Supply Depot  
  108  14:10  Battlecruiser  
  108  14:44  Weapon Refit  
  108  14:50  Terran Vehicle And Ship Armor Level 2  
  108  14:59  Thor  
  114  15:05  SCV  
  115  15:12  Refinery  
  121  15:14  Battlecruiser  
  121  15:17  SCV  
  121  15:29  SCV  
  105  16:04  Terran Infantry Weapons Level 3  
  99  16:18  Battlecruiser  
  99  16:24  Rapid Reignition System  
  96  17:06  Terran Vehicle Weapons Level 2  
  71  17:21  Refinery  
  69  17:22  Battlecruiser  
  69  17:26  Refinery  
  69  17:27  Marine x3  
  72  17:40  Command Center  
  72  17:45  Marine x3  
  75  18:02  Marine  
  75  18:03  Marine x2  
  78  18:20  Marine x2  
  78  18:21  Marine  
  78  18:27  Battlecruiser  
  87  18:38  Marine  
  88  18:53  SCV  
  89  19:05  SCV  
  89  19:08  Thor  
  96  19:17  SCV  
  97  19:29  SCV  
  97  19:31  Medivac  
  100  19:41  SCV  
Show
View Real Time Build Order
Export as new Build Order

TATORREA Protoss - Winner!

Build Orders: Carriers 

Get SALT Encoding   

  12  0:03  Probe  
  13  0:16  Probe  
  14  0:27  Pylon  
  14  0:28  Probe  
  15  0:45  Probe (Chrono Boost)  
  16  0:51  Gateway  
  17  0:57  Probe (Chrono Boost)  
  17  0:58  Pylon  
  17  1:03  Probe (Chrono Boost)  
  18  1:04  Assimilator  
  18  1:13  Probe  
  19  1:22  Gateway  
  19  1:25  Probe  
  20  1:34  Assimilator  
  20  1:37  Probe  
  21  1:42  Cybernetics Core  
  21  1:45  Pylon  
  21  1:49  Probe  
  22  2:01  Probe  
  22  2:03  Gateway  
  23  2:20  Stalker x2 (Chrono Boost)  
  27  2:29  Warp Gate  
  27  2:42  Stalker x2  
  31  3:04  Nexus  
  31  3:12  Stalker  
  33  3:20  Stalker  
  35  3:59  Probe  
  36  4:11  Probe  
  37  4:20  Probe  
  37  4:21  Pylon  
  37  4:24  Pylon, Probe  
  39  4:36  Probe (Chrono Boost)  
  40  4:41  Nexus  
  40  4:43  Pylon, Probe (Chrono Boost)  
  41  4:49  Probe (Chrono Boost)  
  41  4:51  Assimilator  
  43  4:53  Probe (Chrono Boost)  
  43  4:55  Assimilator, Probe (Chrono Boost)  
  43  4:58  Probe (Chrono Boost)  
  44  5:02  Probe  
  46  5:09  Probe  
  47  5:14  Probe  
  47  5:18  Stargate  
  47  5:20  Stargate  
  48  5:21  Probe (Chrono Boost)  
  48  5:22  Protoss Air Weapons Level 1 (Chrono Boost)  
  48  5:27  Probe (Chrono Boost)  
  50  5:34  Probe (Chrono Boost)  
  51  5:38  Probe (Chrono Boost)  
  51  5:40  Probe (Chrono Boost)  
  51  5:42  Probe (Chrono Boost)  
  53  5:48  Probe  
  55  5:59  Probe x2  
  55  6:00  Probe  
  58  6:11  Probe x2  
  60  6:16  Probe  
  60  6:18  Fleet Beacon  
  61  6:23  Probe x2  
  63  6:28  Probe  
  64  6:35  Probe x2  
  66  6:40  Probe  
  66  6:42  Nexus  
  66  6:44  Pylon  
  66  6:47  Pylon, Probe x2  
  67  6:52  Probe  
  67  6:53  Assimilator  
  70  6:57  Assimilator  
  70  6:59  Probe  
  70  7:00  Probe  
  72  7:01  Pylon  
  72  7:04  Pylon, Probe  
  72  7:05  Carrier  
  79  7:08  Pylon  
  79  7:12  Pylon  
  79  7:14  Carrier  
  85  7:17  Unknown  
  85  7:21  Protoss Air Armor Level 1 (Chrono Boost)  
  85  7:22  Probe x3  
  88  7:34  Probe x3  
  91  7:44  Twilight Council  
  91  7:46  Forge, Probe x2  
  91  7:49  Forge, Probe  
  94  7:53  Forge  
  94  7:58  Probe x2  
  96  8:01  Probe  
  96  8:02  Probe  
  98  8:10  Probe x2  
  100  8:13  Probe  
  100  8:16  Gateway  
  100  8:19  Gateway  
  101  8:27  Blink (Chrono Boost)  
  101  8:28  Carrier  
  101  8:29  Carrier, Protoss Shields Level 1 (Chrono Boost)  
  101  8:31  Protoss Ground Weapons Level 1 (Chrono Boost)  
  101  8:32  Protoss Ground Armor Level 1 (Chrono Boost)  
  113  8:46  Probe x2  
  113  8:47  Probe  
  116  9:02  Assimilator  
  116  9:06  Assimilator  
  116  9:20  Protoss Air Weapons Level 2 (Chrono Boost)  
  116  9:33  Carrier x2  
  128  9:46  Templar Archives  
  128  9:47  Pylon  
  128  9:52  Pylon  
  128  9:56  Pylon  
  128  10:00  Pylon  
  128  10:04  Pylon  
  128  10:08  Pylon  
  128  10:15  Gateway  
  128  10:16  Anion Pulse-Crystals  
  128  10:17  Gateway  
  128  10:19  Gateway  
  128  10:21  Gateway  
  128  10:22  Psionic Storm  
  128  10:23  Gateway  
  128  10:25  Charge (Chrono Boost)  
  128  10:27  Gateway  
  128  10:28  Gateway  
  128  10:29  High Templar x3  
  128  10:30  High Templar x2  
  128  10:34  Pylon  
  138  10:37  Carrier x2  
  138  10:38  Pylon  
  138  10:42  Pylon  
  150  10:44  Pylon  
  142  11:05  Archon x2  
  138  11:37  High Templar x3  
  138  11:38  High Templar x4  
  138  11:39  Protoss Air Armor Level 2 (Chrono Boost), High Templar  
  154  11:41  Carrier x2  
  154  11:46  Archon x4  
  154  12:06  Zealot x2  
  154  12:07  Zealot x2  
  138  12:16  Zealot  
  138  12:17  Zealot x5  
  138  12:18  Zealot  
  138  12:37  Zealot x4  
  136  12:38  Zealot x4  
  150  13:04  Protoss Shields Level 2 (Chrono Boost), Protoss Ground Armor Level 2 (Chrono Boost), Protoss Ground Weapons Level 2 (Chrono Boost)  
  150  13:11  Pylon  
  150  13:12  Gateway  
  150  13:14  Gateway  
  150  13:16  Gateway  
  150  13:20  Gateway, Carrier x2 (Chrono Boost)  
  162  13:30  High Templar x5  
  162  13:31  High Templar x3  
  162  13:33  Nexus  
  178  13:34  Pylon, Archon x2  
  178  13:35  Archon x2  
  178  13:44  Pylon  
  178  13:57  Protoss Air Weapons Level 3 (Chrono Boost)  
  178  14:11  High Templar x3  
  178  14:12  High Templar  
  178  14:15  Archon  
  178  14:16  Archon  
  186  14:17  Carrier  
  186  14:19  Zealot x3  
  186  14:20  Zealot  
  186  14:22  Zealot  
  200  14:24  Assimilator  
  198  14:31  Assimilator  
  198  14:35  Zealot  
  184  15:24  Carrier x2  
  190  15:51  Protoss Ground Weapons Level 3 (Chrono Boost), Protoss Shields Level 3 (Chrono Boost), Protoss Ground Armor Level 3 (Chrono Boost), Zealot x3  
  190  15:52  Zealot x2  
  194  16:29  Zealot x3  
  200  16:42  Protoss Air Armor Level 3 (Chrono Boost)  
  198  17:38  Zealot  
  200  17:49  Nexus  
  200  17:51  Pylon  
  200  17:54  Pylon  
  200  18:52  Assimilator  
  200  19:00  Assimilator  
  196  20:04  Zealot x2  
Show
View Real Time Build Order
Export as new Build Order

IA (Élite) Protoss 

Build Orders:  

Get SALT Encoding   

  12  0:01  Probe  
  13  0:13  Probe  
  14  0:22  Pylon  
  14  0:25  Probe  
  15  0:36  Probe  
  16  0:44  Probe  
  16  0:49  Assimilator  
  17  0:52  Gateway  
  17  0:53  Probe  
  18  1:01  Probe  
  18  1:02  Pylon  
  18  1:09  Probe  
  20  1:20  Probe  
  21  1:40  Gateway, Probe  
  21  1:41  Cybernetics Core, Zealot  
  23  1:52  Probe  
  24  2:05  Pylon, Probe  
  27  2:20  Pylon  
  27  2:24  Probe  
  28  2:33  Adept, Zealot  
  28  2:36  Probe  
  31  2:48  Probe  
  31  2:57  Pylon  
  29  3:03  Stalker  
  33  3:19  Probe  
  33  3:21  Gateway  
  33  3:27  Pylon  
  30  3:42  Twilight Council  
  24  3:56  Pylon  
  9  4:21  Probe  
  4  4:29  Probe  
Show
View Real Time Build Order
Export as new Build Order

IA (Élite) Protoss 

Build Orders:  

Get SALT Encoding   

  12  0:01  Probe  
  13  0:13  Probe  
  14  0:19  Pylon  
  14  0:25  Probe  
  15  0:33  Probe  
  15  0:41  Probe  
  16  0:49  Gateway  
  17  0:51  Probe  
  18  1:00  Probe  
  19  1:08  Probe  
  19  1:11  Pylon  
  19  1:18  Probe  
  20  1:23  Assimilator  
  21  1:30  Probe  
  22  1:38  Zealot  
  24  1:41  Cybernetics Core  
  24  1:46  Pylon  
  24  1:50  Gateway  
  22  1:54  Probe  
  22  1:57  Zealot  
  14  2:07  Probe  
  14  2:19  Probe  
  13  2:31  Probe  
  14  2:43  Probe  
  13  2:56  Probe  
  9  3:05  Probe  
  3  3:13  Probe  
Show
View Real Time Build Order
Export as new Build Order

IA (Élite) Protoss 

Build Orders:  

Get SALT Encoding   

  12  0:01  Probe  
  13  0:13  Probe  
  14  0:21  Pylon  
  14  0:25  Probe  
  15  0:35  Probe  
  16  0:43  Probe  
  16  0:48  Assimilator  
  17  0:52  Gateway  
  17  0:53  Probe  
  18  1:01  Probe  
  18  1:04  Pylon  
  18  1:09  Probe  
  20  1:20  Probe  
  21  1:32  Probe  
  22  1:40  Zealot  
  22  1:43  Cybernetics Core  
  22  1:44  Probe  
  25  1:56  Probe  
  26  2:04  Probe  
  26  2:06  Pylon  
  27  2:12  Warp Gate, Probe  
  27  2:20  Zealot  
  28  2:22  Probe  
  28  2:29  Gateway  
  28  2:47  Zealot  
  29  2:53  Pylon  
  29  2:59  Gateway  
  29  3:09  Probe  
  29  3:14  Adept  
  29  3:15  Stalker  
  33  3:20  Gateway  
  33  3:24  Probe  
  34  3:30  Assimilator  
  34  3:36  Probe  
  34  3:41  Pylon  
  33  3:44  Zealot  
  33  3:45  Adept, Stalker  
  37  4:02  Twilight Council  
  34  4:14  Adept  
  33  4:18  Zealot  
  26  4:33  Zealot  
  25  4:48  Templar Archives, Zealot  
  14  6:30  Pylon  
Show
View Real Time Build Order
Export as new Build Order

IA (Élite) Protoss 

Build Orders: Mass Adepts 

Get SALT Encoding   

  12  0:01  Probe  
  13  0:13  Probe  
  14  0:20  Pylon  
  14  0:25  Probe  
  15  0:34  Probe  
  16  0:43  Probe  
  17  0:52  Gateway, Probe  
  18  1:00  Probe  
  18  1:08  Probe  
  19  1:11  Pylon  
  20  1:19  Probe  
  21  1:31  Probe  
  22  1:35  Assimilator  
  22  1:39  Zealot  
  24  1:42  Cybernetics Core  
  24  1:48  Probe  
  25  1:58  Probe  
  26  2:06  Zealot  
  26  2:07  Probe  
  28  2:09  Pylon  
  28  2:10  Warp Gate  
  28  2:14  Gateway  
  28  2:15  Probe  
  30  2:27  Probe  
  29  2:33  Zealot  
  31  2:38  Gateway  
  31  2:47  Gateway  
  31  2:55  Pylon  
  29  3:00  Adept  
  29  3:01  Stalker  
  29  3:04  Probe  
  29  3:24  Adept  
  31  3:30  Adept  
  31  3:31  Probe, Zealot  
  36  3:34  Adept  
  36  3:53  Pylon  
  36  3:54  Adept  
  37  3:56  Probe  
  35  4:06  Adept, Probe  
  35  4:07  Zealot  
  40  4:12  Adept  
  40  4:14  Probe  
  41  4:26  Adept  
  41  4:28  Adept  
  45  4:32  Adept, Zealot  
  49  4:46  Adept  
  49  4:48  Stalker  
  53  4:59  Pylon  
  53  5:02  Stalker  
  55  5:12  Assimilator  
  55  5:19  Zealot  
  57  5:22  Stalker  
  57  5:25  Zealot  
  61  5:35  Pylon  
  61  5:39  Stalker  
  63  5:59  Twilight Council  
  63  6:04  Pylon  
  63  6:39  Templar Archives  
  63  6:41  Nexus  
  63  7:07  Forge  
  63  7:16  High Templar  
  65  7:24  Forge  
  65  7:26  Sentry  
  67  7:49  High Templar  
  69  7:54  Probe x2  
  71  8:06  Probe  
  71  8:07  Probe  
  71  8:11  Robotics Facility  
  71  8:12  Assimilator  
  73  8:13  Assimilator  
  73  8:16  Nexus  
  73  8:17  Probe  
  74  8:20  Probe  
  74  8:26  Probe  
  75  8:32  Stalker, Probe  
  75  8:34  Probe  
  79  8:40  Stalker  
  82  8:44  Stalker, Probe  
  82  8:47  Probe  
  86  8:49  Pylon  
  86  8:56  Stalker, Probe  
  86  9:00  Probe, Observer  
  91  9:04  Sentry  
  91  9:07  Psionic Storm  
  91  9:08  Probe  
  94  9:12  Probe  
  95  9:17  Pylon  
  95  9:19  Probe  
  97  9:24  Probe  
  97  9:27  Probe  
  97  9:32  Probe  
  97  9:35  Probe  
  97  9:36  Probe, Protoss Ground Weapons Level 1  
  97  9:37  Protoss Ground Armor Level 1  
  100  9:44  Probe  
  102  9:48  Probe  
  102  9:50  Probe  
  104  9:56  Probe  
  104  9:59  Stalker  
  107  10:00  Probe  
  107  10:02  Probe  
  107  10:06  Stalker  
  111  10:08  Probe  
  111  10:12  Stalker x2, Probe  
  111  10:13  Pylon  
  113  10:14  Probe  
  113  10:18  Stalker  
  113  10:20  Probe  
  117  10:22  Stalker  
  117  10:24  Probe  
  117  10:26  Probe  
  121  10:29  Probe  
  122  10:36  Probe  
  122  10:37  Immortal, Pylon, Probe  
  122  10:38  Probe  
  129  10:49  Probe  
  130  10:53  Blink  
  130  10:55  Sentry  
  132  10:58  Pylon  
  132  11:01  Pylon  
  132  11:02  Pylon  
  132  11:03  Stalker  
  134  11:06  Stalker  
  135  11:13  Photon Cannon  
  135  11:16  Immortal  
  135  11:17  Stargate  
  139  11:25  Photon Cannon  
  139  11:26  Stalker x2  
  139  11:29  Pylon  
  139  11:30  Photon Cannon  
  139  11:35  Pylon  
  139  11:39  Sentry  
  141  11:43  Assimilator  
  141  11:46  Sentry  
  143  11:47  Assimilator  
  143  11:56  Immortal  
  143  11:59  Photon Cannon  
  143  12:03  Void Ray  
  143  12:05  Probe  
  143  12:06  Probe  
  149  12:10  Probe  
  148  12:18  Probe  
  149  12:24  Pylon  
  149  12:25  Zealot, Nexus  
  149  12:28  Zealot  
  145  12:30  Zealot  
  145  12:33  Zealot  
  145  12:34  Archon  
  145  12:35  Immortal  
  96  12:45  Void Ray, High Templar x2  
  96  12:49  Zealot  
  96  12:50  Adept  
  108  13:03  Zealot  
  109  13:10  Stalker, Zealot  
  113  13:14  Immortal  
  113  13:15  Adept, Archon  
  119  13:23  Stalker  
  121  13:28  Void Ray  
  121  13:29  Zealot  
  121  13:30  Zealot  
  121  13:33  Stalker  
  131  13:38  Probe x3  
  134  13:42  Assimilator  
  134  13:46  Assimilator, High Templar, Zealot  
  134  13:48  Zealot  
  140  13:51  Stalker  
  140  13:53  Immortal  
  146  14:01  Stalker  
  148  14:08  High Templar  
  148  14:09  Stalker  
  152  14:10  Stalker  
  152  14:11  Void Ray  
  158  14:25  Stalker  
  158  14:26  High Templar, Warp Prism  
  158  14:29  Archon  
  162  14:33  High Templar  
  166  14:44  High Templar  
  166  14:45  Photon Cannon  
  168  14:46  Void Ray  
  168  14:50  Photon Cannon, High Templar  
  168  14:52  Archon  
  170  14:53  Photon Cannon  
  170  14:54  Void Ray  
  170  14:55  Stalker  
  170  14:58  Observer  
  177  15:07  Photon Cannon, High Templar  
  177  15:13  Photon Cannon  
  177  15:14  High Templar, Nexus  
  179  15:16  Stalker  
  179  15:20  Observer  
  184  15:26  Pylon  
  184  15:29  Gateway  
  184  15:32  Sentry, Adept  
  186  15:37  Void Ray, Observer  
  186  15:38  Archon  
  186  15:40  High Templar  
  191  15:47  Zealot  
  191  15:49  Zealot  
  179  15:52  Observer, Zealot  
  162  15:58  Photon Cannon  
  162  16:03  Zealot  
  139  16:05  Stalker  
  139  16:07  Zealot  
  139  16:10  Probe  
  129  16:13  Stalker, Warp Prism  
  129  16:17  Void Ray  
  113  16:23  Adept, Zealot  
  113  16:24  Zealot  
  123  16:27  Zealot  
  123  16:32  Zealot  
  127  16:37  Stalker  
  129  16:42  Assimilator  
  129  16:43  Sentry  
  129  16:44  Zealot  
  129  16:46  Zealot  
  135  16:47  Zealot  
  141  16:57  Stalker  
  141  17:00  Zealot  
  141  17:03  Probe  
  141  17:05  Zealot  
  141  17:06  High Templar  
  141  17:07  Zealot  
  135  17:12  Pylon, Zealot  
  135  17:14  Probe  
  123  17:16  Robotics Facility  
  105  17:25  Probe, Zealot  
  105  17:29  Zealot  
  84  17:39  Pylon  
  75  17:48  Assimilator  
  16  18:17  Pylon  
Show
View Real Time Build Order
Export as new Build Order

IA (Élite) Zerg 

Build Orders: 1 Base Baneling Bust, Pool First, Zergling Baneling 

Get SALT Encoding   

  12  0:01  Drone  
  13  0:07  Drone  
  14  0:17  Overlord  
  14  0:34  Spawning Pool  
  13  0:37  Drone  
  13  0:42  Extractor  
  13  0:43  Drone  
  13  0:48  Drone  
  15  1:20  Zergling x2  
  15  1:21  Zergling x4, Queen  
  20  1:31  Zergling x2  
  21  1:39  Baneling Nest  
  20  1:42  Drone  
  21  1:53  Zergling x2  
  20  2:03  Zergling x2  
  19  2:14  Overlord  
  18  2:25  Zergling x2  
  18  2:27  Zergling x2  
  18  2:28  Zergling x4  
  21  2:37  Zergling x2  
  21  2:40  Queen  
  22  2:48  Zergling x2  
  21  2:59  Zergling x4  
  21  3:01  Zergling x2  
  23  3:10  Zergling x2  
  24  3:20  Zergling x2  
  25  3:31  Zergling x2  
  26  3:47  Overlord  
  26  3:52  Zergling x2  
  27  3:58  Zergling x2  
  28  4:03  Zergling x2  
  28  4:07  Zergling x2  
  30  4:10  Baneling  
  30  4:12  Zergling x2  
  30  4:15  Baneling  
  31  4:20  Baneling, Zergling x2  
  31  4:21  Baneling  
  31  4:22  Extractor  
  31  4:26  Drone  
  31  4:27  Baneling x2  
  33  4:31  Drone  
  33  4:35  Baneling  
  33  4:37  Drone  
  33  4:38  Baneling  
  33  4:47  Overlord  
  33  5:07  Roach Warren  
  32  5:25  Lair  
  28  5:47  Roach  
  30  6:02  Roach  
  32  6:10  Roach  
  34  6:19  Roach  
  34  6:25  Hydralisk Den, Drone  
  36  6:31  Drone  
  37  6:36  Drone  
  38  6:46  Overlord  
  38  6:51  Drone  
  39  6:54  Hydralisk  
  39  7:00  Hydralisk  
  43  7:09  Hydralisk  
  45  7:16  Hydralisk  
  45  7:21  Drone  
  48  7:28  Overlord  
  48  7:32  Drone  
  50  7:37  Drone  
  50  7:41  Drone  
  51  7:44  Drone  
  51  7:48  Drone  
  53  7:51  Drone  
  53  8:12  Roach  
  55  8:14  Infestation Pit  
  54  8:22  Hatchery  
  53  8:35  Drone  
  54  8:41  Overlord  
  54  8:46  Roach  
  56  8:51  Infestor, Roach  
  60  9:00  Roach  
  60  9:01  Infestor  
  64  9:07  Overlord, Overseer  
  64  9:10  Zergling x2  
  64  9:13  Zergling x2  
  64  9:16  Zergling x2  
  67  9:21  Metabolic Boost  
  67  9:30  Evolution Chamber  
  66  9:35  Drone  
  67  9:40  Drone  
  67  9:45  Drone  
  67  9:48  Drone  
  67  9:50  Drone  
  70  9:53  Drone  
  70  9:55  Drone  
  70  9:57  Zerg Melee Weapons Level 1  
  70  9:59  Drone  
  73  10:01  Drone  
  73  10:06  Drone  
  74  10:07  Drone  
  74  10:11  Overlord  
  74  10:14  Drone  
  76  10:16  Drone  
  76  10:18  Drone  
  78  10:21  Drone  
  78  10:27  Drone  
  80  10:32  Drone  
  80  10:38  Zergling x2  
  80  10:42  Evolution Chamber  
  78  10:43  Hatchery  
  75  10:53  Drone  
  75  10:55  Roach  
  71  10:58  Roach  
  71  11:00  Roach  
  71  11:03  Roach  
  74  11:06  Infestor  
  74  11:07  Zerg Missile Weapons Level 1  
  74  11:08  Zergling x2  
  74  11:10  Zergling x2  
  77  11:12  Zergling x2  
  77  11:13  Zergling x2  
  77  11:15  Zergling x2  
  76  11:19  Zergling x2  
  76  11:21  Roach  
  76  11:22  Ravager  
  76  11:29  Hydralisk  
  76  11:31  Hydralisk  
  66  11:33  Overseer  
  66  11:40  Hydralisk  
  66  11:42  Roach  
  66  11:43  Roach, Hydralisk  
  66  11:44  Roach  
  76  11:52  Overlord, Zerg Ground Armor Level 1  
  76  11:53  Roach  
  78  11:55  Roach  
  80  12:03  Drone x2  
  80  12:05  Drone  
  83  12:13  Drone  
  83  12:14  Roach  
  83  12:15  Infestor, Drone  
  89  12:16  Overlord  
  89  12:17  Drone  
  90  12:25  Zergling x2, Drone  
  90  12:27  Drone  
  93  12:30  Baneling  
  93  12:31  Baneling  
  93  12:32  Baneling  
  93  12:33  Baneling  
  93  12:34  Baneling x2  
  93  12:36  Zergling x2, Drone  
  95  12:37  Overlord  
  95  12:46  Zergling x2  
  95  12:47  Zergling x4, Roach  
  95  12:48  Roach  
  102  12:57  Overlord, Evolution Chamber  
  102  12:58  Drone  
  102  12:59  Roach  
  102  13:00  Ravager  
  105  13:07  Extractor  
  105  13:08  Roach x2  
  105  13:09  Extractor  
  105  13:10  Drone  
  105  13:11  Extractor  
  107  13:12  Spire  
  107  13:18  Overlord, Drone x2  
  107  13:19  Extractor, Drone  
  108  13:20  Drone x2  
  110  13:29  Drone  
  110  13:30  Drone  
  110  13:31  Drone  
  113  13:40  Overlord  
  114  13:41  Drone  
  114  13:42  Drone  
  115  13:51  Zergling x2, Drone x2  
  115  13:52  Drone, Roach  
  115  13:53  Drone  
  115  13:54  Hatchery  
  121  14:01  Roach  
  123  14:03  Overlord  
  123  14:04  Drone  
  116  14:12  Drone  
  116  14:14  Zergling x2, Drone  
  98  14:17  Baneling  
  98  14:22  Zergling x4, Overseer, Infestor  
  98  14:23  Roach  
  85  14:25  Hydralisk, Roach  
  79  14:34  Roach  
  79  14:35  Roach  
  79  14:36  Hydralisk  
  85  14:39  Baneling  
  85  14:40  Baneling x2  
  85  14:41  Baneling  
  85  14:44  Roach  
  86  14:46  Drone  
  86  14:47  Roach  
  89  14:54  Drone  
  89  14:55  Infestor, Roach  
  89  14:56  Zergling x2  
  89  14:57  Zergling x2  
  89  14:59  Drone  
  93  15:05  Hydralisk  
  93  15:06  Roach  
  83  15:08  Roach  
  83  15:13  Baneling  
  77  15:17  Roach  
  77  15:18  Drone x2  
  69  15:22  Spawning Pool  
  63  15:34  Overlord  
  48  15:37  Overlord  
  45  15:44  Hatchery  
  44  15:54  Hydralisk  
  44  15:55  Drone, Hydralisk  
  44  15:56  Overlord, Drone  
  46  15:58  Drone  
  46  16:00  Drone  
  46  16:02  Drone  
  49  16:07  Drone  
  49  16:08  Queen  
  49  16:09  Zergling x2  
  49  16:10  Zergling x2  
  54  16:12  Roach Warren  
  54  16:13  Drone  
  54  16:15  Baneling Nest  
  54  16:18  Drone  
  53  16:21  Drone  
  53  16:22  Drone  
  54  16:25  Roach Warren  
  54  16:28  Drone  
  54  16:31  Drone  
  55  16:33  Overlord  
  55  16:38  Hydralisk  
  55  16:42  Drone  
  55  16:44  Drone  
  57  16:50  Drone  
  57  16:53  Drone  
  59  16:54  Drone  
  59  16:56  Drone  
  59  17:01  Drone  
  62  17:03  Drone  
  62  17:05  Drone  
  62  17:07  Drone  
  65  17:11  Drone  
  65  17:14  Lair, Overlord  
  65  17:15  Zergling x4  
  68  17:16  Zergling x2  
  68  17:17  Zergling x2  
  68  17:22  Zergling x2  
  71  17:25  Drone  
  71  17:27  Drone  
  71  17:28  Roach  
  75  17:32  Baneling  
  75  17:33  Baneling x2, Roach  
  75  17:36  Overlord  
  77  17:38  Roach  
  77  17:39  Roach  
  77  17:43  Roach  
  83  17:44  Baneling  
  83  17:47  Roach  
  83  17:48  Drone  
  86  17:51  Baneling  
  86  17:54  Baneling x3, Overlord  
  86  17:55  Baneling, Drone  
  87  18:13  Overlord, Drone  
  87  18:14  Drone, Centrifical Hooks  
  87  18:15  Roach, Drone x3, Infestation Pit  
  87  18:16  Drone  
  94  18:29  Overseer  
  94  18:31  Overlord, Roach, Drone  
  94  18:32  Roach, Drone  
  94  18:33  Roach  
  102  18:37  Zergling x2, Evolution Chamber  
  102  18:40  Baneling x2  
  102  18:41  Zergling x4  
  102  18:43  Baneling  
  102  18:45  Drone  
  102  18:46  Baneling, Drone  
  102  18:47  Zergling x6, Hydralisk  
  101  18:49  Evolution Chamber  
  101  18:51  Overlord  
  101  18:52  Drone  
  101  18:54  Roach  
  100  18:58  Roach  
  100  19:01  Hydralisk, Spire  
  90  19:03  Roach  
  90  19:04  Infestor, Hydralisk  
  90  19:05  Zergling x2, Roach  
  89  19:10  Zergling x2  
  89  19:11  Overseer  
  89  19:13  Roach  
  89  19:14  Overlord  
  89  19:15  Drone  
  91  19:20  Hydralisk  
  75  19:27  Overlord  
  75  19:28  Extractor  
  60  19:38  Overlord  
  52  19:55  Spawning Pool  
  52  19:59  Overlord  
Tags
 
Add a new tag
Caveats
  • Supply blocks, unpowered buildings, or Contaminate may cause inaccurate times.
  • Supply counts are checked every 10 seconds.